 Dungeon Crawl Stone Soup version 0.29.0-15-g675c0067aa (webtiles) character file.

Game seed: 3115980427202917021

983 unlimited1921 the Magician (level 8, -6/52 HPs)
             Began as a Djinni Fire Elementalist on Sept 11, 2022.
             Was an Initiate of Gozag.
             Mangled by an iguana (11 damage)
             ... on level 6 of the Dungeon.
             The game lasted 00:19:35 (8541 turns).

unlimited1921 the Magician (DjFE)                   Turns: 8541, Time: 00:19:36

Health: -6/52      AC:  9    Str:  7    XL:     8   Next: 40%
Gold:   280        EV: 12    Int: 18    God:    Gozag SH:  3 Dex: 15

rFire   + + .      SeeInvis .   d - +2 trident (protect)
rCold   x . .      Faith    .   B - +0 buckler
rNeg    . . .      Spirit   .   t - +1 leather armour {rPois}
rPois   ∞          Reflect  .   (no helmet)
rElec   .          Harm     .   f - +0 cloak
rCorr   .          Rampage  .   (no gloves)
Will    .....                   (boots unavailable)
Stlth   ++........              (no amulet)
HPRegen 0.17/turn               y - +4 ring of protection
MPRegen 0.00/turn               A - ring of wizardry

@: gold aura, flying
A: sickness immunity, fire resistance 2, cold vulnerability 1, float, innate
caster, HP casting, extra vitality 1
a: Renounce Religion, Potion Petition, Call Merchant, Bribe Branch


You were on level 6 of the Dungeon.
You worshipped Gozag.
Gozag was aware of your devotion.
You visited 2 branches of the dungeon, and saw 7 of its levels.

You collected 325 gold pieces.
You paid 45 gold pieces to Gozag.

Inventory:

Hand Weapons
 d - a +2 trident of protection (weapon)
 n - a +4 short sword of venom
 r - a +3 flail
Missiles
 h - 30 stones
 u - 3 boomerangs
 x - 10 poisoned darts
Armour
 f - a +0 cloak (worn)
 i - a +0 ring mail
 t - a +1 leather armour of poison resistance (worn)
 B - a +0 buckler (worn)
Jewellery
 y - a +4 ring of protection (left hand)
 A - a ring of wizardry (right hand)
Wands
 k - a wand of iceblast (12) (quivered)
 v - a wand of charming (3)
Scrolls
 c - a scroll of silence {unknown}
 g - a scroll of enchant weapon
 j - 3 scrolls of fear {unknown}
 m - 2 scrolls of poison {unknown}
 o - 7 scrolls of teleportation {unknown}
 p - a scroll of blinking
 q - a scroll of enchant armour
Potions
 a - a potion of invisibility {unknown}
 b - 2 potions of curing {unknown}
 e - a potion of attraction
 l - a potion of lignification
 s - a potion of resistance
 w - a potion of cancellation {unknown}
 z - a potion of heal wounds {unknown}


   Skills:
 + Level 1.3 Fighting
 + Level 0.8 Short Blades
 + Level 2.1 Polearms
 + Level 3.2 Armour
 + Level 3.3 Dodging
 + Level 2.8 Stealth
 + Level 0.1 Shields
 + Level 5.6 Spellcasting


You couldn't memorise any spells.
You knew the following spells:

 Your Spells              Type           Power      Damage    Failure   Level
a - Foxfire               Conj/Fire      100%       2x1d9     1%          1
b - Scorch                Fire           50%        2d8       1%          2
c - Conjure Flame         Conj/Fire      25%        6-21      3%          3
d - Inner Flame           Hex/Fire       25%        N/A       3%          3
e - Flame Wave            Conj/Fire      25%        2d8       10%         4
f - Beastly Appendage     Tmut           50%        N/A       1%          1
g - Passwall              Tmut/Erth      20%        N/A       1%          2
h - Vampiric Draining     Necr           25%        2d7       3%          3
Your spell library was empty.

Dungeon Overview and Level Annotations

Branches:
Dungeon (6/15)             Temple (1/1) D:4

Altars:
Ashenzari
Cheibriados
Dithmenos
Elyvilon
Fedhas
Gozag
Hepliaklqana
Nemelex Xobeh
Okawaru
Uskayaw
Wu Jian
Xom
Zin
The Shining One


Innate Abilities, Weirdness & Mutations

You are immune to sickness and miasma.
You are immune to poison.
Your flesh is very heat resistant. (rF++)
You are vulnerable to cold. (rC-)
You float through the air rather than walking.
You learn spells naturally, not from books.
Your magical power is your life essence.
You have superior vitality. (+4 MHP)


Message History

The phantom explodes!
The fiery explosion engulfs your foxfire.
Your foxfire completely resists.
The iguana hisses angrily.
You hear an angry hiss.
You hear a shout!
Your Polearms skill increases to level 2!
Casting: Foxfire (safe; 1% risk of failure)
Confirm with . or Enter, or press ? or * to list all spells.
Flames lash the iguana.
The iguana is no longer distracted by gold.
The iguana is moderately wounded.
The iguana's fire resistance burns away.
Your foxfire dissipates! x2
Casting: Scorch (safe; 1% risk of failure)
Confirm with . or Enter, or press ? or * to list all spells.
Flames lash the iguana.
The iguana is burned terribly!
The iguana is heavily wounded.
An adder comes into view.
Casting: Scorch (safe; 1% risk of failure)
Confirm with . or Enter, or press ? or * to list all spells.
Flames lash the adder.
You kill the adder!
The iguana bites you!
* * * LOW HITPOINT WARNING * * *
Casting: Scorch (safe; 1% risk of failure)
Confirm with . or Enter, or press ? or * to list all spells.
Flames lash the iguana.
The iguana is burned terribly!
The iguana is severely wounded.
* * * LOW HITPOINT WARNING * * *
The iguana closely misses you.
Casting: Scorch (safe; 1% risk of failure)
Confirm with . or Enter, or press ? or * to list all spells.
Flames lash the iguana.
The iguana is burned terribly!
The iguana is almost dead.
* * * LOW HITPOINT WARNING * * *
You hear a howl!
You hear a shout!
The iguana bites you.
* * * LOW HITPOINT WARNING * * *
The iguana attacks as you move away! The iguana bites you!
You die...
Your body crumbles into a pile of gold.

.....>...#.# #....
g####.....#.# #....
###.#........... #....
#.....###..#.#.#
###....# #.....#
#..#.#.#
#......#.#.....
#..#.#.# #.... ....#
#..#.#..
#....####$######..#.###
#.$@lK.........#.#..
#..###.#####...#.#.#
#..#..... #...#.#
#..#.#.### #...#
#○°#.#.# #...# ##$# #.#
#...#


<$K #.. #...# $ $.. ..# #...# You could see a kobold brigand (inner flame) and
an iguana (combustible).

Vanquished Creatures
  Sigmund (D:2)
  Eustachio (D:4)
  A phantom (D:6)
  A centaur (D:6)
  A bullfrog (D:6)
  2 howler monkeys
  A hound (D:4)
  A jelly (D:5)
  Crazy Yiuf (D:2)
  An orc priest (D:4)
  2 iguanas (D:4)
  3 orc wizards
  6 adders
  2 worms
  12 orcs
  8 bats
  4 endoplasms
  5 giant cockroaches
  4 goblins
  5 hobgoblins
  11 kobolds
  4 quokkas
  4 ball pythons
  7 frilled lizards
  5 rats
93 creatures vanquished.

Vanquished Creatures (others)
  225 foxfires
  A plant (D:6)
226 creatures vanquished.

Grand Total: 319 creatures vanquished

Notes
Turn   | Place    | Note
-------+----------+-------------------------------------------
     0 | D:1      | unlimited1921 the Djinni Fire Elementalist began the quest
                  | for the Orb.
     0 | D:1      | unlimited1921 set off with the following spells memorised:
                  | Foxfire, Scorch, Conjure Flame, Inner Flame, Flame Wave.
     0 | D:1      | Reached XP level 1. HP: 15/15 MP: 0/0
   617 | D:1      | Reached XP level 2. HP: 17/21 MP: 0/0
  1962 | D:1      | Found a faded altar of an unknown god.
  2251 | D:2      | Reached skill level 3 in Spellcasting
  2730 | D:2      | Reached XP level 3. HP: 18/25 MP: 0/0
  2730 | D:2      | Learned a level 1 spell: Beastly Appendage
  3382 | D:2      | Noticed Sigmund
  3385 | D:2      | Killed Sigmund
  3386 | D:2      | Reached skill level 4 in Spellcasting
  3386 | D:2      | Reached XP level 4. HP: 24/31 MP: 0/0
  3386 | D:2      | Reached XP level 5. HP: 27/35 MP: 0/0
  3386 | D:2      | Learned a level 2 spell: Passwall
  3386 | D:2      | Reached XP level 6. HP: 31/40 MP: 0/0
  3726 | D:2      | Found a runed translucent door.
  3727 | D:2      | Noticed Crazy Yiuf
  4185 | D:3      | Found a shadowy altar of Dithmenos.
  5333 | D:4      | Noticed Eustachio
  5338 | D:4      | Killed Eustachio
  5339 | D:4      | Reached XP level 7. HP: 39/45 MP: 0/0
  5339 | D:4      | Learned a level 3 spell: Vampiric Draining
  6197 | D:4      | Reached skill level 5 in Spellcasting
  6524 | D:4      | Found a staircase to the Ecumenical Temple.
  6541 | Temple   | Entered the Ecumenical Temple
  6637 | Temple   | Became a worshipper of Gozag Ym Sagoz the Greedy
  6941 | D:2      | Killed Crazy Yiuf
  7224 | D:5      | Entered Level 5 of the Dungeon
  7606 | D:5      | Reached skill level 1 in Polearms
  7740 | D:5      | Reached skill level 1 in Fighting
  7740 | D:5      | Reached XP level 8. HP: 46/52 MP: 0/0
  8541 | D:6      | Mangled by an iguana

Illustrated notes

Levels and vault maps discovered:
D:1:      lordsloth_arrival_two_stooges, layout_loops_corners,
          shapermc_ecumenical_altar_ellora
D:2:      layout_rooms, dreamdust_mushroom_princess, uniq_sigmund,
          uniq_crazy_yiuf_cottage
D:3:      layout_basic, nicolae_dithmenos_the_darkroom, gup_sewer_entry_pipe
D:4:      layout_basic, minmay_temple_entry_stoned_glass, chequers_big_river,
          hangedman_abyss_or_decor_stabs, minmay_small_thing, uniq_eustachio
D:5:      layout_loops_ring
D:6:      layout_basic, gammafunk_temple_overflow_forgotten,
          kennysheep_minor_cross, minmay_bent
Temple:   lightli_temple_of_artemis

Skill      XL: |  1  2  3  4  5  6  7  8 |
---------------+-------------------------+-----
Spellcasting   | 3 4 5 |  5.6
Armour         | 2 3 |  3.2
Stealth        | 2 |  2.8
Polearms       | 1 2 |  2.1
Fighting       | 1 |  1.3
Dodging        | 3 |  3.3
Short Blades   | |  0.8
Shields        | |  0.1

Action                   |  1- 3 |  4- 6 |  7- 9 || total
-------------------------+-------+-------+-------++-------
Melee: Short sword       |     9 |    15 |       ||    24
       Punch             |       |     1 |       ||     1
       Trident           |       |       |    62 ||    62
 Cast: Foxfire           |    53 |    52 |    30 ||   135
       Scorch            |     9 |     5 |    18 ||    32
       Inner Flame       |       |     2 |    10 ||    12
       Vampiric Draining |       |       |     5 ||     5
  Use: Scroll            |       |       |     8 ||     8
 Stab: Sleeping          |       |       |     1 ||     1
Armor: Robe              |     1 |       |       ||     1
       Leather armour    |     7 |     1 |    31 ||    39
Dodge: Dodged            |     9 |    11 |    62 ||    82
Block: Buckler           |       |       |     2 ||     2
